 Dungeon Crawl Stone Soup version 0.27-a0-1456-gf5a116941d (webtiles) character file.

Game seed: 16557995640515315535

2016 robertstho the Thaumaturge (level 9, -1/45 HPs)
             Began as a Deep Elf Fire Elementalist on July 6, 2021.
             Was a Believer of Sif Muna.
             Slain by a skeletal warrior (16 damage)
             ... on level 6 of the Dungeon.
             The game lasted 00:11:59 (7369 turns).

robertstho the Thaumaturge (DEFE)                   Turns: 7369, Time: 00:12:00

Health: -1/45      AC:  6    Str:  5    XL:     9   Next: 3%
Magic:  12/24      EV: 13    Int: 24    God:    Sif Muna [**....]
Gold:   156        SH:  0    Dex: 15    Spells: 13/26 levels left

rFire    . . .     SeeInvis .   u - +1 short sword (elec)
rCold    . . .     Faith    .   (no shield)
rNeg     . . .     Spirit   .   a - +0 robe
rPois    .         Reflect  .   s - +0 helmet
rElec    .         Harm     .   y - +0 cloak
rCorr    .         Rampage  .   z - +1 pair of gloves
Will     .....                  (no boots)
Stlth    ++........             (no amulet)
HPRegen  0.15/turn              (no ring)
MPRegen  0.19/turn              (no ring)

@: very slightly contaminated
A: no striking features
a: Renounce Religion, Channel Magic


You were on level 6 of the Dungeon.
You worshipped Sif Muna.
Sif Muna was pleased with you.
You visited 2 branches of the dungeon, and saw 7 of its levels.

You collected 282 gold pieces.
You spent 126 gold pieces at shops.

Inventory:

Hand Weapons
 j - a +2 whip of draining
 k - a +0 scimitar
 q - a +1 short sword of freezing
 u - a +1 short sword of electrocution (weapon)
Armour
 a - a +0 robe (worn)
 s - a +0 helmet (worn)
 y - a +0 cloak (worn)
 z - a +1 pair of gloves (worn)
Magical Staves
 f - a staff of air
Wands
 t - a wand of flame (14)
 v - a wand of digging (5)
 B - a wand of polymorph (5)
Scrolls
 b - a scroll of holy word {unknown}
 d - 2 scrolls of fear {unknown}
 h - a scroll of teleportation {unknown}
 l - a scroll of enchant armour {unknown}
 m - a scroll of fog {unknown}
 w - a scroll of brand weapon {unknown}
 A - a scroll of enchant weapon
Potions
 e - a potion of cancellation
 g - a potion of haste
 i - 2 potions of curing
 n - a potion of lignification
 o - a potion of might
 p - 2 potions of flight
 r - a potion of degeneration
 x - a potion of ambrosia


   Skills:
 + Level 0.3 Fighting
 + Level 0.7 Short Blades
 + Level 2.8 Dodging
 + Level 3.5 Stealth
 * Level 9.1 Spellcasting
 * Level 6.4 Conjurations
 * Level 7.8 Fire Magic
 * Level 3.4 Invocations


You had 13 spell levels left.
You knew the following spells:

 Your Spells              Type           Power      Damage    Failure   Level
a - Foxfire               Conj/Fire      100%       2x1d9     1%          1
b - Conjure Flame         Conj/Fire      45%        6-21      1%          3
c - Sticky Flame          Conj/Fire      45%        2d6       3%          4
d - Fireball              Conj/Fire      22%        3d10      9%          5

Your spell library contained the following spells:

 Spells                   Type           Power      Damage    Failure   Level
 Magic Dart               Conj           100%       1d8       1%          1
 Inner Flame              Hex/Fire       29%        N/A       3%          3
 Animate Skeleton         Necr           20%        N/A       6%          1
 Freeze                   Ice            40%        1d6       6%          1
 Pain                     Necr           40%        1d6       6%          1
 Summon Small Mammal      Summ           40%        N/A       6%          1
 Vampiric Draining        Necr           5%         2d6       17%         3


Dungeon Overview and Level Annotations

Branches:
Dungeon (6/15)             Temple (1/1) D:4

Altars:
Ashenzari
Cheibriados
Dithmenos
Elyvilon
Kikubaaqudgha
Nemelex Xobeh
Qazlal
Sif Muna
Trog
Uskayaw
Vehumet
Xom
The Shining One

Shops:
D:4 *!=[[


Message History

The skeletal warrior is moderately damaged.
Casting: Foxfire (safe; 1% risk of failure)
Press: ? - help, Q - select action, (/) - cycle Dir - look around, f - activate You conjure some foxfire!
The foxfire hits the skeletal warrior.
The skeletal warrior is moderately damaged.
The foxfire hits the skeletal warrior but does no damage.
The skeletal warrior is moderately damaged.
Casting: Foxfire (safe; 1% risk of failure)
Confirm with . or Enter, or press ? or * to list all spells.
Aiming: Sticky Flame (dangerous; 3% risk of failure)
Press: ? - help, Shift-Dir - straight line, f - skeletal warrior
Aim: a skeletal warrior, wielding a +2 scimitar (moderately damaged, ally target, 100% to hit)
The sticky flame hits the skeletal warrior.
The skeletal warrior is moderately damaged.
The skeletal warrior is covered in liquid flames!
The skeletal warrior burns!
The foxfire hits the skeletal warrior but does no damage.
The skeletal warrior is heavily damaged.
The foxfire hits the skeletal warrior but does no damage.
The skeletal warrior is heavily damaged.
The skeletal warrior hits you with a +2 scimitar!
The skeletal warrior burns!
The skeletal warrior burns!
The skeletal warrior stops burning.
Casting: Sticky Flame (dangerous; 3% risk of failure)
Confirm with . or Enter, or press ? or * to list all spells.
Aiming: Sticky Flame (dangerous; 3% risk of failure)
Press: ? - help, Shift-Dir - straight line, f/p - skeletal warrior
Aim: a skeletal warrior, wielding a +2 scimitar (heavily damaged, 100% to hit)
You miscast Sticky Flame.
You are very lightly contaminated with residual magic.
Nothing appears to happen.
The skeletal warrior hits you with a +2 scimitar!!
Ouch! That really hurt!
* * * LOW HITPOINT WARNING * * *
Okay, then.
Okay, then.
You feel better.
The skeletal warrior hits you with a +2 scimitar!
You die...

############# # #............ #
########............
##############....##.............
......#......#....##...........#
......#......#.........###.......
......#......#.........# #.......
......##........@z.....###.......
......##........#................
......##........####.............
............########.............
.................................
#####.#####))...####.....###..
...##..)........# #.....# .
##.####..##.....####....##
........................#


You could see a skeletal warrior.

Vanquished Creatures
  Pikel (D:5)
  Prince Ribbit (D:5)
  Eustachio (D:6)
  A steam dragon (D:6)
  A water moccasin (D:5)
  2 black bears
  A centaur (D:5)
  2 lemures (D:5)
  A kobold brigand (D:6)
  A scorpion (D:4)
  5 wights (D:6)
  3 hounds
  An orc priest (D:4)
  A gnoll shaman (D:5)
  Crazy Yiuf (D:5)
  A bullfrog skeleton (D:5)
  2 orc wizards (D:6)
  Robin (D:4)
  5 adders
  6 dart slugs
  7 orcs
  5 ball pythons
  2 bats
  6 endoplasms
  6 giant cockroaches
  12 goblins
  13 hobgoblins
  5 jackals (D:3)
  2 quokkas
  2 frilled lizards (D:2)
  6 kobolds
  25 rats
129 creatures vanquished.

Vanquished Creatures (others)
  582 foxfires
  2 fungi (D:5)
584 creatures vanquished.

Grand Total: 713 creatures vanquished

Notes
Turn   | Place    | Note
-------+----------+-------------------------------------------
     0 | D:1      | robertstho the Deep Elf Fire Elementalist began the quest
                  | for the Orb.
     0 | D:1      | Reached XP level 1. HP: 10/10 MP: 6/6
    19 | D:1      | Found a faded altar of an unknown god.
   178 | D:1      | Reached XP level 2. HP: 15/15 MP: 2/8
   285 | D:1      | Got Ygub's Spellweaving for Rookies
   977 | D:1      | Reached XP level 3. HP: 18/19 MP: 6/10
  1862 | D:2      | Learned a level 3 spell: Conjure Flame
  2111 | D:3      | Reached skill level 4 in Spellcasting
  2173 | D:3      | Reached XP level 4. HP: 24/24 MP: 10/12
  2861 | D:4      | Noticed a black bear
  2868 | D:4      | Killed a black bear
  2869 | D:4      | Reached XP level 5. HP: 28/28 MP: 7/14
  3111 | D:4      | Found Ajaik's Antique Armour Emporium.
  3134 | D:4      | Reached skill level 5 in Spellcasting
  3134 | D:4      | Reached skill level 5 in Fire Magic
  3445 | D:4      | Found a staircase to the Ecumenical Temple.
  3451 | D:4      | Found Fitriar's Jewellery Shoppe.
  3464 | Temple   | Entered the Ecumenical Temple
  3496 | Temple   | Became a worshipper of Sif Muna the Loreminder
  3595 | D:4      | Found a radiant altar of Vehumet.
  3628 | D:4      | Found Fusorel's Assorted Antiques.
  3877 | D:4      | Found Liusai's Distillery.
  3892 | D:4      | Noticed Robin
  3897 | D:4      | Reached XP level 6. HP: 32/32 MP: 8/16
  3910 | D:4      | Killed Robin
  4040 | D:4      | Bought a potion of lignification for 42 gold pieces
  4040 | D:4      | Bought a potion of degeneration for 14 gold pieces
  4040 | D:4      | Bought a potion of heal wounds for 70 gold pieces
  4088 | D:4      | Learned a level 4 spell: Sticky Flame
  4094 | D:4      | Learned a level 5 spell: Fireball
  4385 | D:4      | Found Ocefe's Antique Armour Emporium.
  4638 | D:4      | Reached * piety under Sif Muna
  5009 | D:5      | Entered Level 5 of the Dungeon
  5009 | D:5      | Noticed a water moccasin
  5015 | D:5      | Killed a water moccasin
  5016 | D:5      | Reached skill level 6 in Spellcasting
  5097 | D:5      | Reached skill level 1 in Invocations
  5139 | D:5      | Reached XP level 7. HP: 31/36 MP: 10/18
  5692 | D:5      | Noticed Prince Ribbit
  5699 | D:5      | Killed Prince Ribbit
  5700 | D:5      | Reached skill level 7 in Spellcasting
  5921 | D:5      | Found a white marble altar of Elyvilon.
  5962 | D:5      | Noticed Pikel
  6001 | D:5      | Killed Pikel
  6002 | D:5      | Reached skill level 8 in Spellcasting
  6002 | D:5      | Reached skill level 5 in Conjurations
  6002 | D:5      | Reached XP level 8. HP: 41/41 MP: 0/22
  6409 | D:5      | Found a runed translucent door.
  6410 | D:5      | Noticed Crazy Yiuf
  6422 | D:5      | Killed Crazy Yiuf
  6777 | D:6      | Noticed Eustachio
  6783 | D:6      | Killed Eustachio
  6983 | D:6      | Reached skill level 9 in Spellcasting
  7029 | D:6      | Reached ** piety under Sif Muna
  7038 | D:6      | Reached XP level 9. HP: 42/45 MP: 0/24
  7349 | D:6      | Noticed a skeletal warrior
  7369 | D:6      | Slain by a skeletal warrior

Illustrated notes

Levels and vault maps discovered:
D:1:      psy_arrival_whirlpool, layout_basic,
          hellmonk_ecumenical_altar_arch_garden, st_stairs_14, hex_tiny
D:2:      layout_rooms
D:3:      layout_basic
D:4:      layout_loops_corners, kennysheep_mini_moat, minmay_temple_entry_grid,
          serial_shops, nicolae_shop_statue_plus, nicolae_shop_waterfront,
          shop_statue, shop, shop, minmay_rat_hole, uniq_robin
D:5:      black_bear_nest_2, layout_gridville, marbit_many_paths, st_stairs_9,
          uniq_prince_ribbit1, uniq_crazy_yiuf_cottage, uniq_pikel
D:6:      layout_basic, grunt_decor_clamped, minmay_crossroads, uniq_eustachio
Temple:   compressed_dpeg_circular_temple

Skill      XL: |  1  2  3  4  5  6  7  8 |
---------------+-------------------------+-----
Fire Magic     | 4 5 7 |  7.8
Spellcasting   | 4 5 6 8 9 |  9.1
Conjurations   | 2 3 4 5 6 |  6.4
Stealth        | 3 |  3.5
Invocations    | 1 2 3 |  3.4
Fighting       | |  0.3
Short Blades   | |  0.7
Dodging        | |  2.8

Action                   |  1- 3 |  4- 6 |  7- 9 || total
-------------------------+-------+-------+-------++-------
Melee: Short sword       |       |     9 |    12 ||    21
 Cast: Foxfire           |   113 |   148 |   104 ||   365
       Sticky Flame      |       |       |    13 ||    13
Evoke: Wand              |       |       |     1 ||     1
  Use: Scroll            |     2 |     3 |     2 ||     7
       Potion            |       |       |     3 ||     3
Armor: Robe              |     2 |     4 |    11 ||    17
Dodge: Dodged            |     6 |    18 |    23 ||    47
       Rpst.: Scimitar   |       |     1 |       ||     1

Table legend: (Time is in decaauts)
 A = Elapsed time spent in this place.
 B = Non-inter-level travel time spent in this place.
 C = Inter-level travel time spent in this place.
 D = Time resting spent in this place.
 E = Time spent auto-exploring this place.
 F = Levels seen in this place.
 G = Mean time per level.
                   A        B        C        D        E       F      G
               +--------+--------+--------+--------+--------+-----+--------+
         Total |   7369 |   7101 |    268 |    326 |   5914 |   7 | 1052.7 |
       Dungeon |   7324 |   7069 |    255 |    326 |   5887 |   6 | 1220.7 |
        Temple |     44 |     32 |     12 |      0 |     27 |   1 |   44.0 |
               +--------+--------+--------+--------+--------+-----+--------+

Top non-repeatable levels by time:
     D:4: 2108 daAuts
     D:5: 1594 daAuts
     D:1: 1077 daAuts
     D:3: 966 daAuts
     D:2: 811 daAuts
     D:6: 765 daAuts
  Temple: 44 daAuts
